Stars vs Canucks

Created - Sunday, March 29, 2015 at 01:05

Goals
1 2 3 T
Stars 0 0 0 0
Canucks 4 2 0 6
Shots
1 2 3 T
Stars 7 13 10 30
Canucks 7 15 10 32

1st period

1. Canucks , Pavel Datsyuk 42 (Niklas Hjalmarsson) at 6:07
2. Canucks , Andrei Markov 29 (Victor Hedman, Brendan Gallagher) at 8:56
3. Canucks , Matt Moulson 17 (Victor Hedman, Mats Zuccarello) at 17:46
4. Canucks , Pavel Datsyuk 43 (Victor Hedman) at 19:05

Penalties :
Clarke MacArthur (Van) for Kneeing (Major) at 0:03, Willie Mitchell (Van) for Hooking (Minor) at 1:15

2nd period

5. Canucks , Mats Zuccarello 25 (Derick Brassard, Cody Hodgson) at 4:52
6. Canucks , Matt Moulson 18 (Boyd Gordon) at 14:39

Penalties :
Zach Sill (Dal) for Roughing (Minor) at 8:14

3rd period

No Goal

Penalties :
Cory Conacher (Dal) for Interference (Minor) at 2:40, Derick Brassard (Van) for Interference (Minor) at 9:18

Goalie Stats

Joacim Eriksson (Dal), 1 saves from 5 shots - (0.200), L, 5-28-0, 19:05 minutes
Robin Lehner (Dal), 25 saves from 27 shots - (0.926), 40:55 minutes
Peter Budaj (Van), 30 saves from 30 shots - (1.000), W, 13-1-1, 60:00 minutes

Players Stats for Stars

Player Name              G  A  P  +/- PIM S  H  SB GA TA FO     MP     PP MP  PK MP  
------------------------------------------------------------------------------------
Aaron Johnson            0  0  0  -1  0   1  2  1  0  2  0/0    25:57   3:49   1:52 
Brad Malone              0  0  0  -1  0   0  0  0  1  1  1/1     7:26   0:00   0:00 
Brett Ritchie            0  0  0  -3  0   1  4  0  1  0  0/0    16:18   0:26   0:00 
Brian Boyle              0  0  0  -1  0   4  0  0  2  4  7/12   16:41   3:29   0:44 
Bruno Gervais            0  0  0  -2  0   1  0  2  1  1  0/0    15:15   0:26   0:00 
Cory Conacher            0  0  0  -1  2   4  1  0  6  0  1/2    15:46   3:29   0:19 
Daniel Cleary            0  0  0  -2  0   0  2  0  0  0  1/3    21:16   3:29   2:43 
Daniel Paille            0  0  0  -1  0   1  1  0  2  0  0/2    18:16   3:03   0:31 
Dmitry Orlov             0  0  0  -2  0   2  0  3  1  1  0/0    14:27   0:00   0:00 
Gabriel Bourque          0  0  0  -3  0   1  0  0  1  1  2/8    15:05   0:00   0:00 
Jakub Kindl              0  0  0  -1  0   2  1  2  0  1  0/0    20:58   3:49   1:52 
Jamie Oleksiak           0  0  0   0  0   0  0  0  0  0  0/0     4:59   0:00   0:00 
Joe Corvo                0  0  0  -3  0   3  0  0  1  1  0/0    19:36   3:09   2:06 
John Moore               0  0  0  -3  0   4  2  0  2  0  0/0    19:36   3:09   2:06 
Miikka Salomaki          0  0  0  -1  0   2  2  0  0  0  0/0    10:36   0:00   0:56 
Patrick Eaves            0  0  0  -1  0   2  1  1  0  0  0/2    19:51   3:03   2:43 
Rob Klinkhammer          0  0  0  -3  0   2  2  0  2  0  0/0    15:53   0:26   0:00 
Zach Sill                0  0  0  -1  2   0  1  0  1  0  4/8    18:04   3:03   0:00 

Players Stats for Canucks

Player Name              G  A  P  +/- PIM S  H  SB GA TA FO     MP     PP MP  PK MP  
------------------------------------------------------------------------------------
Andrei Markov            1  0  1   2  0   2  1  1  1  3  0/0    24:38   2:02   4:10 
Boyd Gordon              0  1  1   2  0   4  1  4  0  0  6/9    16:24   0:00   4:18 
Brendan Gallagher        0  1  1   1  0   1  1  0  0  0  0/1     9:48   0:00   0:00 
Casey Cizikas            0  0  0   1  0   2  0  0  1  0  0/0    13:24   0:00   3:24 
Christopher Tanev        0  0  0   3  0   0  0  2  1  2  0/0    20:22   0:00   2:50 
Clarke MacArthur         0  0  0   2  5   3  0  0  2  1  0/0    16:36   2:05   0:00 
Cody Hodgson             0  1  1   1  0   2  1  0  2  0  3/4    14:31   1:53   0:00 
Colby Robak              0  0  0   1  0   0  2  1  0  0  0/0    14:56   0:00   1:50 
Derick Brassard          0  1  1   1  2   0  2  0  1  0  0/0    14:47   1:53   0:00 
Joel Ward                0  0  0   2  0   0  0  1  0  0  0/1    18:16   2:05   1:22 
Mats Zuccarello          1  1  2   1  0   3  1  0  0  0  0/1    14:31   1:53   0:00 
Matt Moulson             2  0  2   2  0   4  0  0  5  0  0/0    11:49   0:00   0:00 
Michael Grabner          0  0  0   2  0   1  2  0  2  1  1/1    14:53   1:56   1:08 
Niklas Hjalmarsson       0  1  1   3  0   0  1  2  0  1  0/0    19:22   1:56   0:00 
Pavel Datsyuk            2  0  2   2  0   6  1  1  2  0  10/17  16:25   2:05   0:00 
Ryan White               0  0  0   1  0   1  1  0  0  2  2/4    11:33   0:00   1:45 
Victor Hedman            0  3  3   2  0   0  0  4  0  4  0/0    24:36   2:02   4:08 
Willie Mitchell          0  0  0   1  2   3  0  1  1  1  0/0    14:09   0:00   0:57 

3 Stars

1 - Peter Budaj (Van)
2 - Pavel Datsyuk (Van)
3 - Matt Moulson (Van)

Power Play

Stars - 0 on 3 Attempt(s) - 0.00%
Canucks - 0 on 2 Attempt(s) - 0.00%

Penalty Kill

Stars - 2 on 2 Attempt(s) - 100.00% - Score 0 goal in Penalty Kill
Canucks - 3 on 3 Attempt(s) - 100.00% - Score 0 goal in Penalty Kill

Team Stat

Stars - Hits : 19 - Faceoff Wins : 16 - Blocked Shots : 9 - Penalty Minutes : 4
Canucks - Hits : 14 - Faceoff Wins : 22 - Blocked Shots : 17 - Penalty Minutes : 9

Official

Referees : Unknown
Linesman : Unknown

Game Notes

Robin Lehner enters game at 19:05 of 1st period

Finance

Level 1 -- Attendance: 5596 (93.27%) -- Ticket Income $447,680
Level 2 -- Attendance: 4557 (91.14%) -- Ticket Income $241,521
Level 3 -- Attendance: 1828 (91.40%) -- Ticket Income $56,668
Level 4 -- Attendance: 4000 (100.00%) -- Ticket Income $68,000
Luxury Box -- Attendance: 1000 (100.00%) -- Ticket Income $176,000
Game was played at the Rogers Place'
Total Attendance: 16981 (94.34%)
Total Ticket Income: $989,869
Other Income: $485,036
Total Income: $1,474,905

Stars

5 vs 5 Forward 
   Center                   Left Wing                Right Wing               Time % Phy DF OF 
 1 Brian Boyle              Daniel Cleary            Cory Conacher            35     1   2  2  
 2 Zach Sill                Daniel Paille            Patrick Eaves            30     1   2  2  
 3 Gabriel Bourque          Rob Klinkhammer          Brett Ritchie            22     1   2  2  
 4 Brad Malone              Miikka Salomaki          Daniel Cleary            13     1   2  2  

5 vs 5 Defense 
   Defense                  Defense                                           Time % Phy DF OF 
 1 Aaron Johnson            Jakub Kindl                                       35     1   2  2  
 2 Joe Corvo                John Moore                                        30     1   2  2  
 3 Dmitry Orlov             Bruno Gervais                                     22     1   2  2  
 4 Jamie Oleksiak           Aaron Johnson                                     13     1   2  2  

PowerPlay Forward 
   Center                   Left Wing                Right Wing               Time % Phy DF OF 
 1 Brian Boyle              Daniel Cleary            Cory Conacher            60     1   2  2  
 2 Zach Sill                Daniel Paille            Patrick Eaves            40     1   2  2  

PowerPlay Defense
   Defense                  Defense                                           Time % Phy DF OF 
 1 Aaron Johnson            Jakub Kindl                                       60     1   2  2  
 2 Joe Corvo                John Moore                                        40     1   2  2  

Penalty Kill 4 Players Forward 
   Center                   Wing                     Time % Phy DF OF 
 1 Patrick Eaves            Daniel Cleary            60     1   2  2  
 2 Daniel Paille            Cory Conacher            40     1   2  2  

Penalty Kill 4 Players Defense
   Defense                  Defense                  Time % Phy DF OF 
 1 Aaron Johnson            Jakub Kindl              60     1   2  2  
 2 Joe Corvo                John Moore               40     1   2  2  

Penalty Kill - 3 Players Forward 
   Forward                                           Time % Phy DF OF 
 1 Cory Conacher                                     60     1   2  2  
 2 Daniel Cleary                                     40     1   2  2  

Penalty Kill - 3 Players Defense
   Defense                  Defense                  Time % Phy DF OF 
 1 Aaron Johnson            Jakub Kindl              60     1   2  2  
 2 Joe Corvo                John Moore               40     1   2  2  

4 vs 4 Forward 
   Center                   Wing                     Time % Phy DF OF 
 1 Rob Klinkhammer          Daniel Cleary            60     1   2  2  
 2 Daniel Paille            Cory Conacher            40     1   2  2  

4 vs 4 Defense
   Defense                  Defense                  Time % Phy DF OF 
 1 Aaron Johnson            Jakub Kindl              60     1   2  2  
 2 Joe Corvo                John Moore               40     1   2  2  

Last Minutes Offensive
   Center                   Left Wing                Right Wing               Defense                  Defense                  
   Brian Boyle              Daniel Cleary            Cory Conacher            Aaron Johnson            Jakub Kindl              

Last Minutes Defensive
   Center                   Left Wing                Right Wing               Defense                  Defense                  
   Brian Boyle              Daniel Cleary            Cory Conacher            Aaron Johnson            Jakub Kindl              

Goaltenders
Starting : Joacim Eriksson          
Backup : Robin Lehner             

Extra Forwards
Normal : Rob Klinkhammer, Brett Ritchie, Miikka Salomaki - PP : Rob Klinkhammer, Brett Ritchie - PK : Miikka Salomaki
Extra Defensemen
Normal : Dmitry Orlov, Bruno Gervais, Jamie Oleksiak - PP : Dmitry Orlov - PK : Bruno Gervais, Jamie Oleksiak
Penalty Shots
Miikka Salomaki, Daniel Cleary, Daniel Paille, Cory Conacher, Patrick Eaves

Canucks

5 vs 5 Forward 
   Center                   Left Wing                Right Wing               Time % Phy DF OF 
 1 Pavel Datsyuk            Clarke MacArthur         Joel Ward                40     1   2  2  
 2 Cody Hodgson             Derick Brassard          Mats Zuccarello          30     1   2  2  
 3 Boyd Gordon              Matt Moulson             Michael Grabner          20     1   2  2  
 4 Ryan White               Casey Cizikas            Brendan Gallagher        10     1   3  1  

5 vs 5 Defense 
   Defense                  Defense                                           Time % Phy DF OF 
 1 Andrei Markov            Victor Hedman                                     40     1   2  2  
 2 Christopher Tanev        Niklas Hjalmarsson                                35     1   2  2  
 3 Colby Robak              Willie Mitchell                                   20     1   2  2  
 4 Andrei Markov            Victor Hedman                                     5      1   2  2  

PowerPlay Forward 
   Center                   Left Wing                Right Wing               Time % Phy DF OF 
 1 Pavel Datsyuk            Clarke MacArthur         Joel Ward                60     0   1  4  
 2 Cody Hodgson             Derick Brassard          Mats Zuccarello          40     0   1  4  

PowerPlay Defense
   Defense                  Defense                                           Time % Phy DF OF 
 1 Andrei Markov            Victor Hedman                                     60     1   1  3  
 2 Michael Grabner          Niklas Hjalmarsson                                40     1   1  3  

Penalty Kill 4 Players Forward 
   Center                   Wing                     Time % Phy DF OF 
 1 Boyd Gordon              Casey Cizikas            60     1   3  1  
 2 Ryan White               Michael Grabner          40     1   3  1  

Penalty Kill 4 Players Defense
   Defense                  Defense                  Time % Phy DF OF 
 1 Andrei Markov            Victor Hedman            60     1   3  1  
 2 Christopher Tanev        Willie Mitchell          40     1   3  1  

Penalty Kill - 3 Players Forward 
   Forward                                           Time % Phy DF OF 
 1 Boyd Gordon                                       60     1   2  2  
 2 Ryan White                                        40     1   2  2  

Penalty Kill - 3 Players Defense
   Defense                  Defense                  Time % Phy DF OF 
 1 Andrei Markov            Victor Hedman            60     1   2  2  
 2 Christopher Tanev        Willie Mitchell          40     1   2  2  

4 vs 4 Forward 
   Center                   Wing                     Time % Phy DF OF 
 1 Pavel Datsyuk            Mats Zuccarello          60     1   2  2  
 2 Derick Brassard          Clarke MacArthur         40     1   2  2  

4 vs 4 Defense
   Defense                  Defense                  Time % Phy DF OF 
 1 Andrei Markov            Victor Hedman            60     1   2  2  
 2 Christopher Tanev        Niklas Hjalmarsson       40     1   2  2  

Last Minutes Offensive
   Center                   Left Wing                Right Wing               Defense                  Defense                  
   Pavel Datsyuk            Derick Brassard          Mats Zuccarello          Andrei Markov            Victor Hedman            

Last Minutes Defensive
   Center                   Left Wing                Right Wing               Defense                  Defense                  
   Boyd Gordon              Casey Cizikas            Joel Ward                Christopher Tanev        Victor Hedman            

Goaltenders
Starting : Peter Budaj              
Backup : Ben Bishop               

Extra Forwards
Normal : Cody Hodgson, Brendan Gallagher, Mats Zuccarello - PP : Cody Hodgson, Brendan Gallagher - PK : Joel Ward
Extra Defensemen
Normal : Colby Robak, Victor Hedman, Christopher Tanev - PP : Niklas Hjalmarsson - PK : Christopher Tanev, Willie Mitchell
Penalty Shots
Mats Zuccarello, Pavel Datsyuk, Derick Brassard, Joel Ward, Cody Hodgson

% Time on Ice - Stars

Lines # - Real PCT - Wanted PCT - Time Play
Normal Forward
1 - 25% - 35% - 12:06
2 - 29% - 30% - 14:27
3 - 31% - 22% - 15:05
4 - 15% - 13% - 7:26
Normal Defense
1 - 31% - 35% - 15:17
2 - 29% - 30% - 14:21
3 - 29% - 22% - 14:27
4 - 10% - 13% - 4:59
PP Forward
1 - 50% - 60% - 3:29
2 - 50% - 40% - 3:29
PP Defense
1 - 55% - 60% - 3:49
2 - 45% - 40% - 3:09
PK Forward
1 - 87% - 60% - 3:27
2 - 13% - 40% - 0:31
PK Defense
1 - 47% - 60% - 1:52
2 - 53% - 40% - 2:06
PK3 Forward
1 - 0% - 60%
2 - 0% - 40%
PK3 Defense
1 - 0% - 60%
2 - 0% - 40%
44 Forward
1 - 0% - 60%
2 - 0% - 40%
44 Defense
1 - 0% - 60%
2 - 0% - 40%
Last Minute Offensive  - 0:00
Last Minute Defensive  - 0:00
Total
Forward - 60:00
Defense - 60:00

% Time on Ice - Canucks

Lines # - Real PCT - Wanted PCT - Time Play
Normal Forward
1 - 30% - 40% - 14:49
2 - 26% - 30% - 12:38
3 - 24% - 20% - 11:49
4 - 20% - 10% - 9:48
Normal Defense
1 - 38% - 40% - 18:26
2 - 36% - 35% - 17:32
3 - 27% - 20% - 13:06
4 - 0% - 5% - 0:00
PP Forward
1 - 53% - 60% - 2:05
2 - 47% - 40% - 1:53
PP Defense
1 - 51% - 60% - 2:02
2 - 49% - 40% - 1:56
PK Forward
1 - 77% - 60% - 3:51
2 - 23% - 40% - 1:08
PK Defense
1 - 81% - 60% - 4:01
2 - 19% - 40% - 0:58
PK3 Forward
1 - 69% - 60% - 1:22
2 - 31% - 40% - 0:37
PK3 Defense
1 - 6% - 60% - 0:07
2 - 94% - 40% - 1:52
44 Forward
1 - 0% - 60%
2 - 0% - 40%
44 Defense
1 - 0% - 60%
2 - 0% - 40%
Last Minute Offensive  - 0:00
Last Minute Defensive  - 0:00
Total
Forward - 60:00
Defense - 60:00

Play by Play

1st period


0:01 of 1st period - Pavel Datsyuk wins face-off versus Brian Boyle in neutral zone.
0:03 of 1st period - Major Penalty to Clarke MacArthur for Kneeing.
0:04 of 1st period - Boyd Gordon wins face-off versus Daniel Cleary in Canucks zone.
1:08 of 1st period - Snap shot by Patrick Eaves.
1:08 of 1st period - Stopped by Peter Budaj without a rebound.
1:09 of 1st period - Zach Sill wins face-off versus Ryan White in Canucks zone.
1:15 of 1st period - Minor Penalty to Willie Mitchell for Hooking.
1:16 of 1st period - Brian Boyle wins face-off versus Boyd Gordon in Canucks zone.
1:30 of 1st period - Slapshot by Brian Boyle.
1:30 of 1st period - Deflect By Cory Conacher.
1:30 of 1st period - Stopped by Peter Budaj with a rebound.
1:32 of 1st period - Snap shot by Cory Conacher.
1:32 of 1st period - Stopped by Peter Budaj with a rebound.
1:34 of 1st period - Slapshot by John Moore.
1:34 of 1st period - Shot Misses the Net.
1:48 of 1st period - Snap shot by Cory Conacher.
1:48 of 1st period - Shot Misses the Net.
2:10 of 1st period - Andrei Markov is hit by John Moore and loses puck.
3:15 of 1st period - Penalty to Willie Mitchell is over, Willie Mitchell is back on ice.
3:34 of 1st period - Colby Robak is hit by Daniel Cleary and loses puck.
3:47 of 1st period - Slapshot by Casey Cizikas.
3:47 of 1st period - Deflect By Boyd Gordon.
3:47 of 1st period - Stopped by Joacim Eriksson with a rebound.
4:07 of 1st period - Patrick Eaves is hit by Colby Robak and loses puck.
4:57 of 1st period - Joel Ward is hit by Rob Klinkhammer.
5:03 of 1st period - Penalty to Clarke MacArthur is over, Clarke MacArthur is back on ice.
5:07 of 1st period - Joel Ward is hit by Rob Klinkhammer and loses puck.
5:31 of 1st period - Dmitry Orlov is hit by Niklas Hjalmarsson and loses puck.
5:50 of 1st period - Dmitry Orlov is hit by Colby Robak and loses puck.
6:07 of 1st period - Wrist shot by Pavel Datsyuk.
6:07 of 1st period - Goal by Pavel Datsyuk - Stars : 0 - Canucks : 1.
6:08 of 1st period - Pavel Datsyuk wins face-off versus Gabriel Bourque in neutral zone.
7:22 of 1st period - Niklas Hjalmarsson is hit by Brett Ritchie and loses puck.
7:39 of 1st period - Daniel Cleary is hit by Derick Brassard.
8:17 of 1st period - Brett Ritchie is hit by Boyd Gordon and loses puck.
8:56 of 1st period - Slapshot by Andrei Markov.
8:56 of 1st period - Goal by Andrei Markov - Stars : 0 - Canucks : 2.
8:57 of 1st period - Brian Boyle wins face-off versus Cody Hodgson in neutral zone.
9:37 of 1st period - Slapshot by Dmitry Orlov.
9:37 of 1st period - Stopped by Peter Budaj without a rebound.
9:38 of 1st period - Zach Sill wins face-off versus Pavel Datsyuk in Canucks zone.
9:51 of 1st period - Snap shot by Daniel Paille.
9:51 of 1st period - Shot Blocked by Pavel Datsyuk.
9:53 of 1st period - Slapshot by Daniel Paille.
9:53 of 1st period - Stopped by Peter Budaj without a rebound.
9:54 of 1st period - Pavel Datsyuk wins face-off versus Brian Boyle in Canucks zone.
9:56 of 1st period - Icing by Clarke MacArthur.
9:57 of 1st period - Cory Conacher wins face-off versus Pavel Datsyuk in Canucks zone.
10:10 of 1st period - Slapshot by Cory Conacher.
10:10 of 1st period - Shot Misses the Net.
10:12 of 1st period - Wrist shot by Daniel Cleary.
10:12 of 1st period - Shot Blocked by Victor Hedman.
10:14 of 1st period - Slapshot by Aaron Johnson.
10:14 of 1st period - Shot Blocked by Victor Hedman.
10:58 of 1st period - Niklas Hjalmarsson is hit by Zach Sill.
13:06 of 1st period - Icing by Brian Boyle.
13:07 of 1st period - Brian Boyle wins face-off versus Pavel Datsyuk in Stars zone.
14:14 of 1st period - Dmitry Orlov is hit by Michael Grabner and loses puck.
15:45 of 1st period - Slapshot by Niklas Hjalmarsson.
15:45 of 1st period - Shot Misses the Net.
15:55 of 1st period - Slapshot by John Moore.
15:55 of 1st period - Deflect By Niklas Hjalmarsson.
15:55 of 1st period - Stopped by Peter Budaj with a rebound.
16:15 of 1st period - Snap shot by Patrick Eaves.
16:15 of 1st period - Shot Misses the Net.
16:49 of 1st period - Snap shot by Brad Malone.
16:49 of 1st period - Shot Misses the Net.
16:57 of 1st period - Snap shot by Miikka Salomaki.
16:57 of 1st period - Stopped by Peter Budaj with a rebound.
17:21 of 1st period - Cody Hodgson is hit by Daniel Paille and loses puck.
17:46 of 1st period - Snap shot by Matt Moulson.
17:46 of 1st period - Goal by Matt Moulson - Stars : 0 - Canucks : 3.
17:47 of 1st period - Boyd Gordon wins face-off versus Gabriel Bourque in neutral zone.
19:05 of 1st period - Wrist shot by Pavel Datsyuk.
19:05 of 1st period - Goal by Pavel Datsyuk - Stars : 0 - Canucks : 4.
19:05 of 1st period - Robin Lehner enters game.
19:06 of 1st period - Cody Hodgson wins face-off versus Zach Sill in neutral zone.
19:15 of 1st period - Snap shot by Derick Brassard.
19:15 of 1st period - Shot Blocked by Aaron Johnson.
19:17 of 1st period - Snap shot by Mats Zuccarello.
19:17 of 1st period - Stopped by Robin Lehner with a rebound.
19:19 of 1st period - Slapshot by Victor Hedman.
19:19 of 1st period - Shot Blocked by Jakub Kindl.
19:31 of 1st period - Slapshot by Cody Hodgson.
19:31 of 1st period - Stopped by Robin Lehner with a rebound.
19:33 of 1st period - Snap shot by Cody Hodgson.
19:33 of 1st period - Shot Misses the Net.
19:35 of 1st period - Slapshot by Andrei Markov.
19:35 of 1st period - Shot Blocked by Jakub Kindl.
19:37 of 1st period - Snap shot by Mats Zuccarello.
19:37 of 1st period - Deflect By Derick Brassard.
19:37 of 1st period - Shot Misses the Net.
19:37 of 1st period - Puck is out of play.
19:38 of 1st period - Pavel Datsyuk wins face-off versus Gabriel Bourque in Stars zone.
Goals for this period are 0 for Stars vs 4 for Canucks.
Shots for this period are 7 for Stars vs 7 for Canucks.

2nd period


0:01 of 2nd period - Brian Boyle wins face-off versus Pavel Datsyuk in neutral zone.
0:10 of 2nd period - Slapshot by Brian Boyle.
0:10 of 2nd period - Stopped by Peter Budaj with a rebound.
0:43 of 2nd period - Icing by Andrei Markov.
0:44 of 2nd period - Pavel Datsyuk wins face-off versus Zach Sill in Canucks zone.
2:02 of 2nd period - Snap shot by Rob Klinkhammer.
2:02 of 2nd period - Shot Misses the Net.
2:04 of 2nd period - Slapshot by Dmitry Orlov.
2:04 of 2nd period - Shot Blocked by Boyd Gordon.
2:06 of 2nd period - Snap shot by Gabriel Bourque.
2:06 of 2nd period - Shot Misses the Net.
2:08 of 2nd period - Slapshot by Bruno Gervais.
2:08 of 2nd period - Stopped by Peter Budaj without a rebound.
2:09 of 2nd period - Ryan White wins face-off versus Brian Boyle in Canucks zone.
2:09 of 2nd period - Ryan White is hit by Cory Conacher.
2:43 of 2nd period - Snap shot by Brian Boyle.
2:43 of 2nd period - Shot Misses the Net.
2:45 of 2nd period - Snap shot by Brian Boyle.
2:45 of 2nd period - Shot Blocked by Colby Robak.
3:07 of 2nd period - Boyd Gordon is hit by Miikka Salomaki and loses puck.
3:45 of 2nd period - Backhand shot by Clarke MacArthur.
3:45 of 2nd period - Stopped by Robin Lehner without a rebound.
3:46 of 2nd period - Pavel Datsyuk wins face-off versus Zach Sill in Stars zone.
3:57 of 2nd period - Wrist shot by Pavel Datsyuk.
3:57 of 2nd period - Shot Blocked by Patrick Eaves.
3:59 of 2nd period - Slapshot by Andrei Markov.
3:59 of 2nd period - Stopped by Robin Lehner with a rebound.
4:03 of 2nd period - Snap shot by Clarke MacArthur.
4:03 of 2nd period - Shot Misses the Net.
4:05 of 2nd period - Snap shot by Andrei Markov.
4:05 of 2nd period - Shot Misses the Net.
4:07 of 2nd period - Wrist shot by Pavel Datsyuk.
4:07 of 2nd period - Stopped by Robin Lehner with a rebound.
4:09 of 2nd period - Wrist shot by Pavel Datsyuk.
4:09 of 2nd period - Shot Misses the Net.
4:15 of 2nd period - Snap shot by Clarke MacArthur.
4:15 of 2nd period - Stopped by Robin Lehner with a rebound.
4:17 of 2nd period - Slapshot by Andrei Markov.
4:17 of 2nd period - Shot Misses the Net.
4:19 of 2nd period - Slapshot by Andrei Markov.
4:19 of 2nd period - Deflect By Pavel Datsyuk.
4:19 of 2nd period - Stopped by Robin Lehner with a rebound.
4:35 of 2nd period - Joe Corvo is hit by Derick Brassard and loses puck.
4:44 of 2nd period - Slapshot by Mats Zuccarello.
4:44 of 2nd period - Shot Misses the Net.
4:46 of 2nd period - Wrist shot by Mats Zuccarello.
4:46 of 2nd period - Stopped by Robin Lehner with a rebound.
4:52 of 2nd period - Snap shot by Mats Zuccarello.
4:52 of 2nd period - Goal by Mats Zuccarello - Stars : 0 - Canucks : 5.
4:53 of 2nd period - Boyd Gordon wins face-off versus Gabriel Bourque in neutral zone.
5:21 of 2nd period - Slapshot by Gabriel Bourque.
5:21 of 2nd period - Stopped by Peter Budaj with a rebound.
5:23 of 2nd period - Slapshot by Bruno Gervais.
5:23 of 2nd period - Shot Blocked by Boyd Gordon.
5:25 of 2nd period - Slapshot by Dmitry Orlov.
5:25 of 2nd period - Shot Blocked by Niklas Hjalmarsson.
5:27 of 2nd period - Wrist shot by Brett Ritchie.
5:27 of 2nd period - Shot Misses the Net.
5:29 of 2nd period - Slapshot by Brett Ritchie.
5:29 of 2nd period - Deflect By Rob Klinkhammer.
5:29 of 2nd period - Stopped by Peter Budaj with a rebound.
5:31 of 2nd period - Wrist shot by Gabriel Bourque.
5:31 of 2nd period - Shot Blocked by Christopher Tanev.
5:49 of 2nd period - Snap shot by Brian Boyle.
5:49 of 2nd period - Stopped by Peter Budaj with a rebound.
5:51 of 2nd period - Snap shot by Cory Conacher.
5:51 of 2nd period - Stopped by Peter Budaj without a rebound.
5:52 of 2nd period - Pavel Datsyuk wins face-off versus Brian Boyle in Canucks zone.
7:05 of 2nd period - Willie Mitchell is hit by Brett Ritchie and loses puck.
7:16 of 2nd period - Snap shot by Cody Hodgson.
7:16 of 2nd period - Stopped by Robin Lehner without a rebound.
7:17 of 2nd period - Brad Malone wins face-off versus Brendan Gallagher in Stars zone.
7:22 of 2nd period - Slapshot by Joe Corvo.
7:22 of 2nd period - Shot Misses the Net.
7:24 of 2nd period - Slapshot by John Moore.
7:24 of 2nd period - Stopped by Peter Budaj with a rebound.
7:26 of 2nd period - Slapshot by John Moore.
7:26 of 2nd period - Shot Blocked by Christopher Tanev.
7:28 of 2nd period - Snap shot by Miikka Salomaki.
7:28 of 2nd period - Stopped by Peter Budaj with a rebound.
7:38 of 2nd period - Snap shot by John Moore.
7:38 of 2nd period - Stopped by Peter Budaj without a rebound.
7:39 of 2nd period - Michael Grabner wins face-off versus Zach Sill in Canucks zone.
8:05 of 2nd period - Wrist shot by Matt Moulson.
8:05 of 2nd period - Stopped by Robin Lehner with a rebound.
8:14 of 2nd period - Minor Penalty to Zach Sill for Roughing.
8:15 of 2nd period - Pavel Datsyuk wins face-off versus Patrick Eaves in Stars zone.
8:19 of 2nd period - Slapshot by Pavel Datsyuk.
8:19 of 2nd period - Stopped by Robin Lehner with a rebound.
8:21 of 2nd period - Backhand shot by Andrei Markov.
8:21 of 2nd period - Shot Misses the Net.
9:08 of 2nd period - Niklas Hjalmarsson is hit by Aaron Johnson.
9:33 of 2nd period - Icing by Niklas Hjalmarsson.
9:34 of 2nd period - Cody Hodgson wins face-off versus Daniel Paille in Canucks zone.
10:14 of 2nd period - Penalty to Zach Sill is over, Zach Sill is back on ice.
10:33 of 2nd period - Andrei Markov is hit by Miikka Salomaki and loses puck.
10:59 of 2nd period - Snap shot by Brendan Gallagher.
10:59 of 2nd period - Stopped by Robin Lehner with a rebound.
11:21 of 2nd period - Snap shot by Boyd Gordon.
11:21 of 2nd period - Shot Blocked by Bruno Gervais.
11:29 of 2nd period - Wrist shot by Dmitry Orlov.
11:29 of 2nd period - Shot Misses the Net.
12:29 of 2nd period - Slapshot by Cory Conacher.
12:29 of 2nd period - Shot Misses the Net.
13:41 of 2nd period - Off-side.
13:42 of 2nd period - Ryan White wins face-off versus Daniel Paille in neutral zone.
14:12 of 2nd period - Backhand shot by Andrei Markov.
14:12 of 2nd period - Shot Misses the Net.
14:18 of 2nd period - Casey Cizikas is hit by Brett Ritchie and loses puck.
14:39 of 2nd period - Snap shot by Matt Moulson.
14:39 of 2nd period - Goal by Matt Moulson - Stars : 0 - Canucks : 6.
14:40 of 2nd period - Gabriel Bourque wins face-off versus Pavel Datsyuk in neutral zone.
14:53 of 2nd period - Slapshot by Joe Corvo.
14:53 of 2nd period - Shot Blocked by Niklas Hjalmarsson.
14:55 of 2nd period - Backhand shot by Brett Ritchie.
14:55 of 2nd period - Stopped by Peter Budaj with a rebound.
14:57 of 2nd period - Slapshot by Joe Corvo.
14:57 of 2nd period - Stopped by Peter Budaj without a rebound.
14:58 of 2nd period - Pavel Datsyuk wins face-off versus Gabriel Bourque in Canucks zone.
15:03 of 2nd period - Slapshot by Clarke MacArthur.
15:03 of 2nd period - Stopped by Robin Lehner with a rebound.
15:21 of 2nd period - Snap shot by Joe Corvo.
15:21 of 2nd period - Shot Misses the Net.
15:43 of 2nd period - Derick Brassard is hit by Daniel Cleary and loses puck.
16:21 of 2nd period - Slapshot by Jakub Kindl.
16:21 of 2nd period - Stopped by Peter Budaj without a rebound.
16:22 of 2nd period - Boyd Gordon wins face-off versus Cory Conacher in Canucks zone.
17:09 of 2nd period - Bruno Gervais is hit by Pavel Datsyuk and loses puck.
17:24 of 2nd period - Wrist shot by Pavel Datsyuk.
17:24 of 2nd period - Shot Misses the Net.
17:36 of 2nd period - Slapshot by Clarke MacArthur.
17:36 of 2nd period - Shot Misses the Net.
17:50 of 2nd period - Snap shot by Brendan Gallagher.
17:50 of 2nd period - Shot Misses the Net.
17:52 of 2nd period - Slapshot by Colby Robak.
17:52 of 2nd period - Shot Blocked by Dmitry Orlov.
17:54 of 2nd period - Slapshot by Willie Mitchell.
17:54 of 2nd period - Stopped by Robin Lehner with a rebound.
17:56 of 2nd period - Slapshot by Colby Robak.
17:56 of 2nd period - Shot Blocked by Dmitry Orlov.
18:08 of 2nd period - Slapshot by Brendan Gallagher.
18:08 of 2nd period - Shot Blocked by Bruno Gervais.
18:10 of 2nd period - Slapshot by Ryan White.
18:10 of 2nd period - Stopped by Robin Lehner without a rebound.
18:11 of 2nd period - Zach Sill wins face-off versus Mats Zuccarello in Stars zone.
18:34 of 2nd period - Snap shot by Patrick Eaves.
18:34 of 2nd period - Stopped by Peter Budaj with a rebound.
18:40 of 2nd period - Daniel Paille is hit by Andrei Markov and loses puck.
19:21 of 2nd period - Slapshot by Boyd Gordon.
19:21 of 2nd period - Shot Misses the Net.
19:31 of 2nd period - Slapshot by Michael Grabner.
19:31 of 2nd period - Shot Misses the Net.
Goals for this period are 0 for Stars vs 2 for Canucks.
Shots for this period are 13 for Stars vs 15 for Canucks.

3rd period


0:01 of 3rd period - Daniel Cleary wins face-off versus Pavel Datsyuk in neutral zone.
1:17 of 3rd period - Off-side.
1:18 of 3rd period - Boyd Gordon wins face-off versus Gabriel Bourque in neutral zone.
1:28 of 3rd period - Slapshot by Matt Moulson.
1:28 of 3rd period - Shot Misses the Net.
1:30 of 3rd period - Snap shot by Boyd Gordon.
1:30 of 3rd period - Shot Misses the Net.
1:32 of 3rd period - Wrist shot by Boyd Gordon.
1:32 of 3rd period - Shot Misses the Net.
1:34 of 3rd period - Snap shot by Michael Grabner.
1:34 of 3rd period - Shot Misses the Net.
1:36 of 3rd period - Snap shot by Boyd Gordon.
1:36 of 3rd period - Shot Misses the Net.
1:38 of 3rd period - Slapshot by Boyd Gordon.
1:38 of 3rd period - Stopped by Robin Lehner with a rebound.
1:40 of 3rd period - Slapshot by Willie Mitchell.
1:40 of 3rd period - Shot Misses the Net.
1:42 of 3rd period - Snap shot by Boyd Gordon.
1:42 of 3rd period - Stopped by Robin Lehner with a rebound.
2:40 of 3rd period - Minor Penalty to Cory Conacher for Interference.
2:41 of 3rd period - Pavel Datsyuk wins face-off versus Daniel Cleary in Stars zone.
3:04 of 3rd period - Wrist shot by Jakub Kindl.
3:04 of 3rd period - Shot Hit the Post.
3:08 of 3rd period - Snap shot by Patrick Eaves.
3:08 of 3rd period - Shot Blocked by Victor Hedman.
3:10 of 3rd period - Snap shot by Daniel Cleary.
3:10 of 3rd period - Shot Misses the Net.
3:12 of 3rd period - Snap shot by Jakub Kindl.
3:12 of 3rd period - Stopped by Peter Budaj with a rebound.
3:14 of 3rd period - Slapshot by Aaron Johnson.
3:14 of 3rd period - Stopped by Peter Budaj with a rebound.
3:38 of 3rd period - John Moore is hit by Cody Hodgson and loses puck.
4:40 of 3rd period - Penalty to Cory Conacher is over, Cory Conacher is back on ice.
5:00 of 3rd period - Miikka Salomaki is hit by Brendan Gallagher and loses puck.
5:27 of 3rd period - Wrist shot by Gabriel Bourque.
5:27 of 3rd period - Shot Misses the Net.
5:29 of 3rd period - Wrist shot by Aaron Johnson.
5:29 of 3rd period - Shot Blocked by Willie Mitchell.
5:31 of 3rd period - Slapshot by Rob Klinkhammer.
5:31 of 3rd period - Shot Misses the Net.
5:33 of 3rd period - Slapshot by Jakub Kindl.
5:33 of 3rd period - Shot Misses the Net.
6:19 of 3rd period - Brian Boyle is hit by Michael Grabner.
7:19 of 3rd period - Snap shot by Zach Sill.
7:19 of 3rd period - Shot Misses the Net.
7:21 of 3rd period - Wrist shot by Zach Sill.
7:21 of 3rd period - Shot Misses the Net.
7:23 of 3rd period - Wrist shot by Zach Sill.
7:23 of 3rd period - Deflect By Daniel Paille.
7:23 of 3rd period - Shot Misses the Net.
7:23 of 3rd period - Puck is out of play.
7:24 of 3rd period - Cody Hodgson wins face-off versus Patrick Eaves in Canucks zone.
7:59 of 3rd period - Wrist shot by Matt Moulson.
7:59 of 3rd period - Stopped by Robin Lehner without a rebound.
8:00 of 3rd period - Gabriel Bourque wins face-off versus Pavel Datsyuk in Stars zone.
8:17 of 3rd period - Wrist shot by Gabriel Bourque.
8:17 of 3rd period - Shot Misses the Net.
8:41 of 3rd period - Slapshot by Casey Cizikas.
8:41 of 3rd period - Stopped by Robin Lehner with a rebound.
8:43 of 3rd period - Snap shot by Ryan White.
8:43 of 3rd period - Shot Blocked by Dmitry Orlov.
8:45 of 3rd period - Slapshot by Willie Mitchell.
8:45 of 3rd period - Stopped by Robin Lehner with a rebound.
8:47 of 3rd period - Slapshot by Casey Cizikas.
8:47 of 3rd period - Stopped by Robin Lehner with a rebound.
8:49 of 3rd period - Slapshot by Willie Mitchell.
8:49 of 3rd period - Stopped by Robin Lehner with a rebound.
9:18 of 3rd period - Minor Penalty to Derick Brassard for Interference.
9:19 of 3rd period - Boyd Gordon wins face-off versus Brian Boyle in Canucks zone.
9:19 of 3rd period - Boyd Gordon is hit by Aaron Johnson.
10:27 of 3rd period - Wrist shot by Cory Conacher.
10:27 of 3rd period - Shot Blocked by Andrei Markov.
10:29 of 3rd period - Slapshot by Brian Boyle.
10:29 of 3rd period - Stopped by Peter Budaj without a rebound.
10:30 of 3rd period - Brian Boyle wins face-off versus Boyd Gordon in Canucks zone.
10:51 of 3rd period - Off-side.
10:52 of 3rd period - Zach Sill wins face-off versus Joel Ward in neutral zone.
11:15 of 3rd period - Wrist shot by Joe Corvo.
11:15 of 3rd period - Deflect By Cory Conacher.
11:15 of 3rd period - Shot Blocked by Joel Ward.
11:15 of 3rd period - Puck is out of play.
11:16 of 3rd period - Brian Boyle wins face-off versus Boyd Gordon in Canucks zone.
11:18 of 3rd period - Penalty to Derick Brassard is over, Derick Brassard is back on ice.
11:41 of 3rd period - Andrei Markov is hit by Brett Ritchie and loses puck.
12:51 of 3rd period - Dmitry Orlov is hit by Ryan White.
13:35 of 3rd period - Snap shot by Cody Hodgson.
13:35 of 3rd period - Shot Misses the Net.
13:43 of 3rd period - Cody Hodgson is hit by John Moore and loses puck.
14:00 of 3rd period - Jakub Kindl is hit by Mats Zuccarello and loses puck.
14:09 of 3rd period - Wrist shot by Brad Malone.
14:09 of 3rd period - Shot Misses the Net.
14:32 of 3rd period - Willie Mitchell is hit by Jakub Kindl and loses puck.
15:01 of 3rd period - Wrist shot by Brian Boyle.
15:01 of 3rd period - Stopped by Peter Budaj with a rebound.
15:11 of 3rd period - Pavel Datsyuk is hit by Patrick Eaves and loses puck.
15:16 of 3rd period - Snap shot by Patrick Eaves.
15:16 of 3rd period - Shot Blocked by Victor Hedman.
15:44 of 3rd period - Slapshot by Joe Corvo.
15:44 of 3rd period - Stopped by Peter Budaj with a rebound.
15:46 of 3rd period - Slapshot by Joe Corvo.
15:46 of 3rd period - Stopped by Peter Budaj with a rebound.
16:26 of 3rd period - Wrist shot by Cory Conacher.
16:26 of 3rd period - Stopped by Peter Budaj without a rebound.
16:27 of 3rd period - Brian Boyle wins face-off versus Ryan White in Canucks zone.
17:12 of 3rd period - Slapshot by Michael Grabner.
17:12 of 3rd period - Stopped by Robin Lehner with a rebound.
17:14 of 3rd period - Slapshot by Boyd Gordon.
17:14 of 3rd period - Stopped by Robin Lehner with a rebound.
18:02 of 3rd period - Snap shot by Rob Klinkhammer.
18:02 of 3rd period - Stopped by Peter Budaj with a rebound.
18:04 of 3rd period - Snap shot by John Moore.
18:04 of 3rd period - Stopped by Peter Budaj with a rebound.
18:35 of 3rd period - Wrist shot by Pavel Datsyuk.
18:35 of 3rd period - Stopped by Robin Lehner with a rebound.
19:17 of 3rd period - Snap shot by Zach Sill.
19:17 of 3rd period - Shot Blocked by Boyd Gordon.
19:19 of 3rd period - Wrist shot by Dmitry Orlov.
19:19 of 3rd period - Stopped by Peter Budaj with a rebound.
19:21 of 3rd period - Slapshot by Dmitry Orlov.
19:21 of 3rd period - Shot Misses the Net.
19:23 of 3rd period - Snap shot by Dmitry Orlov.
19:23 of 3rd period - Shot Blocked by Boyd Gordon.
Goals for this period are 0 for Stars vs 0 for Canucks.
Shots for this period are 10 for Stars vs 10 for Canucks.


Output by the SimonT Hockey Simulator (STHS) for Eric Dolegowski -- Original Page W3C XHTML 1.0 Valid
Hockey Simulator - Hockey Simulation - Hockey Manager